 Dungeon Crawl Stone Soup version 0.28.0 (webtiles) character file.

Game seed: 17436780135677458701

3003 Sanktem7 the Cleaver (level 9, -4/81 HPs)
             Began as a Minotaur Fighter on Feb 18, 2022.
             Was a Follower of Trog.
             Succumbed to a killer bee's poison
             ... on level 9 of the Dungeon.
             The game lasted 00:13:51 (7709 turns).

Sanktem7 the Cleaver (Minotaur Fighter)             Turns: 7709, Time: 00:13:54

Health: -4/81      AC:  9    Str: 25    XL:     9   Next: 54%
Magic:  7/7        EV:  7    Int:  7    God:    Trog [*.....]
Gold:   462        SH:  5    Dex: 10    Spells: 8/8 levels left

rFire   . . .      SeeInvis .   a - +2 war axe (vamp)
rCold   . . .      Faith    .   c - +0 buckler
rNeg    . . .      Spirit   .   x - +0 plate armour
rPois   .          Reflect  .   b - +2 hat
rElec   .          Harm     .   (no cloak)
rCorr   .          Rampage  .   (no gloves)
Will    .....                   z - +1 pair of boots {Fly}
Stlth   ..........              (no amulet)
HPRegen 0.23/turn               (no ring)
MPRegen 0.10/turn               (no ring)

@: lethally poisoned (-4 -> -29), corroded, flying, studying Spellcasting,
unable to read
A: horns 2, retaliatory headbutt, clever 1, low MP 1, inability to read while
threatened
a: Renounce Religion, Berserk


You were on level 9 of the Dungeon.
You worshipped Trog.
Trog was aware of your devotion.
You visited 1 branch of the dungeon, and saw 9 of its levels.
You also visited: Sewer.

You collected 462 gold pieces.

Inventory:

Hand Weapons
 a - a +2 vampiric war axe (weapon)
 A - a +0 arbalest
Missiles
 y - 6 silver boomerangs (quivered)
Armour
 b - a +2 hat (worn)
 c - a +0 buckler (worn)
 x - a +0 plate armour (worn)
 z - a +1 pair of boots of flying (worn)
Jewellery
 B - a ring of see invisible
Wands
 o - a wand of flame (21)
 C - a wand of digging (14)
Scrolls
 f - a scroll of immolation
 h - a scroll of noise {unknown}
 i - 7 scrolls of identify
 j - 4 scrolls of vulnerability {unknown}
 k - a scroll of brand weapon
 l - a scroll of holy word {unknown}
 n - a scroll of fog {unknown}
 q - 2 scrolls of enchant weapon
 r - a scroll of enchant armour
 s - 5 scrolls of teleportation
 u - 2 scrolls of magic mapping
 v - a scroll of fear
Potions
 d - 2 potions of might
 e - a potion of brilliance
 g - 5 potions of curing
 m - a potion of heal wounds
 p - a potion of resistance {unknown}
 t - a potion of haste {unknown}
 w - 2 potions of attraction


   Skills:
 * Level 8.0 Fighting
 * Level 11.6 Axes
 * Level 1.3 Throwing
 + Level 7.7 Armour
 + Level 2.3 Dodging
 - Level 0.3 Stealth
 - Level 5.1 Shields


You had 8 spell levels left.
You didn't know any spells.
Your spell library contained the following spells:

 Spells                   Type           Power      Damage    Failure   Level
 Confusing Touch          Hex            0%         N/A       100%        3
 Ignite Poison            Fire/Tmut/Pois 0%         N/A       100%        3
 Mephitic Cloud           Conj/Pois/Air  0%         N/A       100%        3
 Freezing Cloud           Conj/Ice/Air   0%         6-21      100%        5
 Yara's Violent Unravell  Hex/Tmut       0%         3d3       100%        5
 Enfeeble                 Hex            0%         N/A       100%        7


Dungeon Overview and Level Annotations

Branches:
Dungeon (9/15)             Temple (0/1) D:7           Sewer (visited)
   Lair: D:8-11         Orc: D:9-12

Altars:
Elyvilon
Hepliaklqana
Kikubaaqudgha
Trog
Vehumet


Innate Abilities, Weirdness & Mutations

You have a pair of horns on your head.
You reflexively headbutt those who attack you in melee.
Your mind is acute. (Int +2)
Your magical capacity is low. (-10% MP)
You sometimes lose the ability to read scrolls when taking damage.


Message History

The killer bee barely misses you. You furiously retaliate!
You headbutt the killer bee! The acid dragon spits acid at you.
The splash of acid hits you!
You feel threatened and lose the ability to read scrolls!
The acid corrodes you! The killer bee stings you!
You are more poisoned.
The killer bee poisons you!
There is a stone staircase leading down, spattered with blood here.
You completely miss the acid dragon.
The acid dragon is heavily wounded.
You barely miss the killer bee.
You feel very sick. You block the killer bee's attack.
The acid dragon bites you!
The acid dragon claws you but does no damage.
The killer bee stings you but does no damage.
You slash the acid dragon!
The acid dragon is almost dead.
You closely miss the killer bee.
You feel very sick. The killer bee stings you.
* * * LOW HITPOINT WARNING * * *
You are lethally poisoned!
The killer bee poisons you! The acid dragon bites you.
* * * LOW HITPOINT WARNING * * *
The acid dragon claws you.
* * * LOW HITPOINT WARNING * * *
The killer bee stings you.
* * * LOW HITPOINT WARNING * * *
You are more poisoned.
The killer bee poisons you!
You can't go up here!
* * * LOW HITPOINT WARNING * * *
You feel extremely sick. You block the killer bee's attack.
The acid dragon bites you.
* * * LOW HITPOINT WARNING * * *
The acid dragon completely misses you.
The killer bee stings you but does no damage.
You fly downwards.
You die...

### #...#### #.###..##..##
##......#....###
##.......#...##.#####
##................#..####
.....>..................##
....#.#...........##.....#
....####.(.....[.##....###
....# ##........@D....##
....###........y.y..###
##.###...............#
#...#................#
......#.........)##.##
##...####........#..#
...........##.......#
.....#.}...##....#..#
.....#.....##....#..#


You could see an acid dragon and 2 killer bees.

Vanquished Creatures
  A two-headed ogre (D:5)
  A wraith (D:5)
  A steam dragon (D:9)
  An acid dragon (D:6)
  An orc warrior (D:7)
  3 ice beasts (D:5)
  A necrophage (D:4)
  An ogre (D:6)
  4 scorpions
  A bullfrog (D:7)
  A wyvern skeleton (D:7)
  2 water moccasin skeletons (D:5)
  2 killer bees (D:8)
  A howler monkey (D:5)
  A bullfrog skeleton (D:4)
  A bullfrog zombie (D:5)
  3 jellies (D:5)
  2 orc priests
  A centaur skeleton (D:7)
  A hound (D:5)
  A gnoll shaman (D:6)
  6 orc wizards
  5 iguanas
  2 hound skeletons
  A howler monkey zombie (D:7)
  5 gnolls (D:6)
  11 adders
  A howler monkey skeleton (D:5)
  3 river rats (D:3)
  A shadow imp (D:7)
  A white imp (D:7)
  An ufetubus (D:5)
  An adder skeleton (D:5)
  3 worms
  23 orcs
  4 endoplasms
  A giant cockroach (D:1)
  7 goblins
  5 hobgoblins
  7 jackals
  A quokka (D:1)
  5 ball pythons
  9 bats
  5 frilled lizards
  4 kobolds
  3 rats
146 creatures vanquished.

Vanquished Creatures (others)
  19 plants (D:4)
19 creatures vanquished.

Grand Total: 165 creatures vanquished

Notes
Turn   | Place    | Note
-------+----------+-------------------------------------------
     0 | D:1      | Sanktem7 the Minotaur Fighter began the quest for the Orb.
     0 | D:1      | Reached XP level 1. HP: 19/19 MP: 0/0
   205 | D:1      | Reached XP level 2. HP: 25/27 MP: 1/1
   821 | D:2      | Reached XP level 3. HP: 24/33 MP: 2/2
  1476 | D:2      | Found a faded altar of an unknown god.
  1525 | D:3      | Found a glowing drain.
  1534 | D:3      | Reached skill level 3 in Axes
  1548 | D:3      | Reached XP level 4. HP: 11/40 MP: 3/3
  1709 | Sewer    | Entered a sewer
  1984 | Sewer    | Reached skill level 1 in Dodging
  2392 | Sewer    | Reached skill level 4 in Axes
  2641 | D:3      | Reached XP level 5. HP: 46/46 MP: 4/4
  3240 | D:4      | Reached skill level 5 in Armour
  3724 | D:4      | Reached XP level 6. HP: 36/53 MP: 5/5
  3894 | D:4      | Reached skill level 5 in Axes
  4005 | D:4      | Found a white marble altar of Elyvilon.
  4351 | D:4      | Gained mutation: You sometimes lose the ability to read
                  | scrolls when taking damage. [potion of mutation]
  4351 | D:4      | Gained mutation: Your magical capacity is low. (-10% MP)
                  | [potion of mutation]
  4351 | D:4      | Gained mutation: Your mind is acute. (Int +2) [potion of
                  | mutation]
  4568 | D:5      | Entered Level 5 of the Dungeon
  4612 | D:5      | Reached skill level 5 in Fighting
  4651 | D:5      | Found a bloodstained altar of Trog.
  4683 | D:5      | Found an ancient bone altar of Kikubaaqudgha.
  4740 | D:5      | Noticed an ice beast
  4743 | D:5      | Reached XP level 7. HP: 56/61 MP: 5/5
  4746 | D:5      | Reached skill level 6 in Axes
  4982 | D:5      | Noticed a wraith
  5000 | D:5      | Killed a wraith
  5001 | D:5      | Reached skill level 7 in Axes
  5149 | D:5      | Noticed a two-headed ogre
  5160 | D:5      | Killed a two-headed ogre
  5161 | D:5      | Reached skill level 9 in Axes
  5161 | D:5      | Reached skill level 5 in Shields
  5161 | D:5      | Reached XP level 8. HP: 42/71 MP: 6/6
  5335 | D:5      | Found a hazy altar of Hepliaklqana.
  5336 | D:5      | Found a faded altar of an unknown god.
  5402 | D:5      | Found a radiant altar of Vehumet.
  5543 | D:5      | Reached skill level 10 in Axes
  5840 | D:5      | Reached XP level 9. HP: 76/79 MP: 7/7
  5982 | D:5      | Became a worshipper of Trog the Wrathful
  6958 | D:7      | Found a staircase to the Ecumenical Temple.
  6991 | D:7      | Reached skill level 11 in Axes
  7076 | D:7      | Reached * piety under Trog
  7284 | D:7      | Reached skill level 1 in Throwing
  7649 | D:7      | You are sucked into a shaft and drop 2 floors!
  7708 | D:8      | HP: 4/81 [acid dragon (1)]
  7709 | D:9      | Succumbed to a killer bee's poison

Illustrated notes

Levels and vault maps discovered:
D:1:      minmay_arrival_plants_in_alcoves, layout_basic
D:2:      layout_basic, shapermc_ecumenical_altar_mp_vishouse
D:3:      layout_loops_ring, portal_sewer_entry_a, nrook_campfire
D:4:      layout_loops_ring, mainiacjoe_overflow_chevrons
D:5:      minmay_razor_zed, layout_rooms, lemuel_tele_altar,
          beargit_hepliaklqana_dungeon_heroes,
          mainiacjoe_overflow_catch_the_wave, serial_bayou_pond_e,
          minmay_manual_mess
D:6:      layout_basic, minmay_tree_intersection
D:7:      layout_basic, minmay_temple_entry_arrows
D:8:      layout_basic, nicolae_qazlal_scattered_showers,
          nicolae_dithmenos_through_a_glass_darkly,
          mainiacjoe_overflow_surrounded_room, amcnicky_altar_gilded,
          lemuel_doored_altar
D:9:      layout_cave_pools, fedhas_ov_isle_minmay

Skill      XL: |  1  2  3  4  5  6  7  8  9 |
---------------+----------------------------+-----
Shields        | 4 5 |  5.1
Armour         | 4 5 6 7 |  7.7
Fighting       | 4 5 6 7 8 |  8.0
Axes           | 3 4 5 9 10 11 | 11.6
Dodging        | 1 2 |  2.3
Throwing       | 1 |  1.3
Stealth        | |  0.3

Action                   |  1- 3 |  4- 6 |  7- 9 || total
-------------------------+-------+-------+-------++-------
Melee: War axe           |    71 |   167 |   176 ||   414
       Headbutt          |    11 |    26 |    34 ||    71
  Use: Scroll            |       |    12 |       ||    12
       Potion            |       |     9 |       ||     9
Armor: Scale mail        |    39 |    62 |       ||   101
       Plate armour      |       |     8 |   113 ||   121
Dodge: Dodged            |    46 |    80 |    55 ||   181
Block: Buckler           |    11 |    34 |    38 ||    83
